 Dungeon Crawl Stone Soup version 0.30.1-3-gfc49f6343a (webtiles) character file.

Game seed: 15411654957668082740

183 Atelerd the Digger (level 5, -8/31 HPs)
             Began as an Octopode Earth Elementalist on July 31, 2023.
             Mangled by a gnoll
             ... wielding a +0 halberd
              (17 damage)
             ... on level 4 of the Dungeon.
             The game lasted 00:02:59 (3243 turns).

Atelerd the Digger (Octopode Earth Elementalist)    Turns: 3243, Time: 00:03:01

Health: -8/31      AC:  1    Str:  5 (7)  XL:     5   Next: 62%
Magic:  27/27      EV: 13    Int: 22 (23) God:
Gold:   219        SH:  0    Dex: 14 (15) Spells: 5/10 levels left

rFire   . . .        n - +1 dagger (protect)
rCold   . . .        (no shield)
rNeg    . . .        (helmet restricted)
rPois   .            k - amulet of regeneration
rElec   .            j - ring of magical power
rCorr   .            o - ring of magical power
SInv    .            r - +6 ring of intelligence
Will    .....        (no ring)
Stlth   ++           (no ring)
HPRegen 1.05/turn    (no ring)
MPRegen 0.20/turn    (no ring)
                     (no ring)

%: no passive effects
@: confused, ambrosia-drunk
A: almost no armour, amphibious, 8 rings, camouflage 1, gelatinous body 1,
(nimble swimmer 1), tentacles
a: no special abilities


You were on level 4 of the Dungeon.
You visited 1 branch of the dungeon, and saw 4 of its levels.

You collected 219 gold pieces.

Inventory:

Hand Weapons
 e - a +0 short sword
 n - a +1 dagger of protection (weapon)
Jewellery
 j - a ring of magical power (left tentacle)
 k - an amulet of regeneration (around mantle)
 o - a ring of magical power (right tentacle)
 r - a +6 ring of intelligence (on tentacle)
Wands
 i - a wand of flame (18)
 m - a wand of digging (4)
Scrolls
 b - 7 scrolls of identify {unknown}
 f - a scroll of torment {unknown}
 l - a scroll of blinking {unknown}
 p - 2 scrolls of fear {unknown}
 s - 2 scrolls of teleportation {unknown}
 t - a scroll of vulnerability {unknown}
 u - a scroll of magic mapping {unknown}
Potions
 a - a potion of magic
 c - 2 potions of degeneration
 g - a potion of might
 q - a potion of lignification {unknown}
 v - a potion of mutation {unknown}


   Skills:
 - Level 0.1 Fighting
 - Level 0.1 Short Blades
 - Level 2.0 Dodging
 - Level 2.6 Stealth
 + Level 3.2 Spellcasting
 * Level 2.5 Transmutations
 * Level 4.7 Earth Magic


You had 5 spell levels left.
You knew the following spells:

 Your Spells              Type           Power      Damage    Failure   Level
a - Sandblast             Erth           48%        2d12      1%          1
p - Petrify               Tmut/Erth      19%        N/A       26%         4

Your spell library contained the following spells:

 Spells                   Type           Power      Damage    Failure   Level
 Passwall                 Tmut/Erth      15%        N/A       4%          2
 Stone Arrow              Conj/Erth      26%        3d8       14%         3
 Ensorcelled Hibernation  Hex/Ice        6%         N/A       19%         2
 Spider Form              Tmut/Pois      9%         N/A       22%         3
 Anguish                  Hex/Necr       1%         N/A       77%         4


Dungeon Overview and Level Annotations

Branches:
Dungeon (4/15)
 Temple: D:4-7

Altars:

Shops:
D:3 [

Annotations:
D:4 1 runed translucent door, jaiteiro's ghost, novice FoEE


Innate Abilities, Weirdness & Mutations

You cannot wear most types of armour.
You are amphibious.
You can wear up to eight rings at the same time.
Your skin changes colour to match your surroundings (Stealth+).
Your rubbery body absorbs attacks. (AC +1, EV +1)
((You are camouflaged when in or above water. (Stealth+)))
You have tentacles for arms and can constrict up to eight enemies at once.


Message History

A gnoll is nearby!
A gnoll is nearby!
A gnoll is nearby!
A gnoll comes into view. It is wielding a +0 halberd.
The gnoll shouts!
You hear a shout!
The gnoll hits you with a +0 spear.
A gnoll comes into view. It is wielding a +0 club.
The gnoll hits you from afar with a +0 halberd!
You completely miss the gnoll. Your grab misses the gnoll.
You squeeze the gnoll.
The gnoll is heavily wounded.
The gnoll hits you with a +0 spear. The gnoll barely misses you.
The gnoll hits you from afar with a +0 halberd!
* * * LOW HITPOINT WARNING * * *
You are too injured to fight recklessly!
There are monsters nearby!
You are too injured to fight recklessly!
You are too injured to fight recklessly!
There are monsters nearby!
You are too injured to fight recklessly!
You are too injured to fight recklessly!
Unknown command.
It was a potion of degeneration.
There was something very wrong with that liquid.
You feel weakened.
You feel dopey.
You feel clumsy. The gnoll hits you but does no damage.
The gnoll barely misses you. The gnoll misses you.
It was a potion of curing.
You feel better. The gnoll hits you with a +0 spear.
* * * LOW HITPOINT WARNING * * *
The gnoll barely misses you. x2
You feel better. The gnoll hits you with a +0 spear!
The gnoll barely misses you. The gnoll hits you with a +0 club.
* * * LOW HITPOINT WARNING * * *
It was a potion of ambrosia.
You are confused.
You feel invigorated. The gnoll closely misses you.
The gnoll hits you but does no damage.
The gnoll hits you from afar with a +0 halberd!
Ouch! That really hurt!
You die...

#.. .... # ##... ## .
.... .#.# #..# .#.# #
#... g.. #.##.##g#
#.....@g# ####.####
#.###### #......#########
#..###.........#
######### #.(#
#.....###.#
........######..###.###.#
#.# .######.##....).....#
#.###.##
..........#......##.#
#......#


You could see 3 gnolls.

Vanquished Creatures
  An orc wizard (D:3)
  Terence (D:3)
  2 adders (D:3)
  2 worms (D:3)
  4 dart slugs
  12 orcs
  3 ball pythons
  10 endoplasms
  3 giant cockroaches
  8 goblins
  8 hobgoblins
  A jackal (D:3)
  2 quokkas (D:1)
  6 bats
  3 frilled lizards
  7 kobolds
  9 rats
82 creatures vanquished.

Notes
Turn   | Place    | Note
-------+----------+-------------------------------------------
     0 | D:1      | Atelerd the Octopode Earth Elementalist began the quest for
                  | the Orb.
     0 | D:1      | Reached XP level 1. HP: 11/11 MP: 3/3
   144 | D:1      | Reached XP level 2. HP: 17/17 MP: 3/5
   634 | D:1      | Reached XP level 3. HP: 16/21 MP: 3/6
  1709 | D:2      | Reached skill level 4 in Earth Magic
  1902 | D:3      | Found Olischoc's Antique Armour Shop.
  2031 | D:3      | Reached XP level 4. HP: 27/27 MP: 8/8
  2208 | D:3      | Found a faded altar of an unknown god.
  2349 | D:3      | Reached XP level 5. HP: 31/31 MP: 9/9
  2592 | D:3      | Identified the +1 robe of the Uplifting Gods {Rampage}
  2673 | D:3      | Noticed Terence
  2680 | D:3      | Learned a level 4 spell: Petrify
  2690 | D:3      | Killed Terence
  3050 | D:4      | Found a runed translucent door.
  3083 | D:4      | Noticed jaiteiro's ghost (novice FoEE)
  3243 | D:4      | Mangled by a gnoll

Illustrated notes

Levels and vault maps discovered:
D:1:      dpeg_arrival_orchard, layout_basic, serial_bayou,
          serial_bayou_lagoon_a, serial_bayou_lagoon_b, serial_bayou_pond_d,
          serial_bayou_pond_d
D:2:      layout_loops_cross
D:3:      minmay_razor_zed, layout_basic, serial_shops, shop,
          shapermc_ecumenical_altar_notcrosses, kennysheep_small_spiral,
          uniq_terence
D:4:      layout_loops_corners, ebering_ghost_sewer_d

Skill      XL: |  1  2  3  4  5 |
---------------+----------------+-----
Earth Magic    | 4 |  4.7
Spellcasting   | 3 |  3.2
Transmutations | 2 |  2.5
Fighting       | |  0.1
Short Blades   | |  0.1
Dodging        | |  2.0
Stealth        | |  2.6

Action                     |  1- 3 |  4- 6 || total
---------------------------+-------+-------++-------
  Melee: Short sword       |    15 |       ||    15
         Tentacles         |     3 |     7 ||    10
         Constrict         |     6 |     6 ||    12
         Dagger            |     3 |    31 ||    34
         Punch             |     1 |     1 ||     2
   Cast: Sandblast         |    56 |    40 ||    96
         Petrify           |       |     3 ||     3
    Use: Potion            |       |     5 ||     5
   Stab: Sleeping          |     1 |     3 ||     4
         Petrified         |       |     3 ||     3
 Armour: Skin              |     3 |    10 ||    13
  Dodge: Dodged            |    19 |    30 ||    49
